Map: Port Aleksander LE

Players

Astrea - Winner!

  • Race: Protoss Protoss
  • League: Grandmaster
  • Spawn Location: 5:00

puCK (Nina)

  • Race: Protoss Protoss
  • League: Grandmaster
  • Spawn Location: 11:00

Event: 2019 WCS Winter Americas

VOD

Have the link to the VOD?

Description

Time

  • Played on: March 24, 2019, 1:05 p.m.
  • Length: 12:47

All games in this series

Show
View Real Time Build Order
Export as new Build Order

Astrea Protoss - Winner!

Build Orders: Phoenix Opening 

Get SALT Encoding   

  12  0:00  Probe  
  13  0:12  Probe  
  14  0:18  Pylon  
  14  0:24  Probe  
  15  0:32  Probe  
  15  0:38  Gateway  
  15  0:40  Probe  
  16  0:48  Assimilator  
  17  0:50  Probe  
  17  0:56  Assimilator  
  18  0:58  Probe  
  19  1:06  Probe  
  20  1:12  Gateway  
  20  1:17  Probe  
  21  1:26  Cybernetics Core  
  21  1:29  Probe  
  22  1:36  Pylon  
  22  1:41  Probe  
  23  1:54  Probe  
  24  2:02  Stalker  
  24  2:03  Sentry  
  24  2:06  Warp Gate  
  24  2:07  Probe  
  29  2:12  Pylon  
  29  2:30  Stalker  
  29  2:32  Stalker  
  33  2:40  Phoenix  
  33  2:43  Robotics Facility  
  33  2:51  Gateway  
  33  3:02  Stalker x2  
  37  3:18  Warp Prism  
  37  3:30  Shield Battery  
  39  3:35  Pylon  
  39  3:48  Observer  
  39  3:54  Stalker x2  
  44  3:56  Stalker  
  46  4:12  Pylon  
  46  4:36  Stalker x3  
  48  4:59  Stalker x2  
  52  5:06  Stalker  
  52  5:23  Sentry  
  52  5:27  Pylon  
  44  6:08  Stalker x3  
Show
View Real Time Build Order
Export as new Build Order

puCK Protoss 

Build Orders: Oracle Opening, Phoenix Opening 

Get SALT Encoding   

  12  0:00  Probe  
  13  0:12  Probe  
  14  0:18  Pylon  
  14  0:25  Probe  
  15  0:33  Probe  
  15  0:38  Gateway  
  15  0:41  Probe  
  16  0:48  Assimilator  
  17  0:51  Probe  
  17  0:56  Assimilator  
  18  0:59  Probe  
  19  1:08  Probe  
  19  1:10  Gateway  
  20  1:19  Probe  
  21  1:26  Cybernetics Core  
  21  1:31  Probe  
  22  1:37  Pylon  
  22  1:43  Probe  
  23  1:55  Probe  
  24  2:03  Stalker, Sentry  
  24  2:06  Warp Gate  
  28  2:09  Probe  
  29  2:23  Probe  
  30  2:36  Phoenix  
  30  2:40  Pylon  
  30  2:41  Stargate  
  30  2:48  Nexus  
  30  2:56  Probe  
  31  2:59  Stalker  
  33  3:06  Stalker  
  33  3:09  Probe  
  36  3:15  Oracle  
  36  3:22  Pylon  
  39  3:40  Probe  
  40  3:42  Robotics Facility  
  40  3:52  Probe  
  41  4:00  Pylon  
  41  4:01  Probe  
  42  4:04  Probe  
  43  4:13  Probe  
  43  4:16  Probe  
  43  4:17  Sentry  
  47  4:18  Stalker  
  49  4:25  Probe  
  49  4:29  Immortal  
  43  4:41  Pylon  
  43  4:44  Stalker  
  43  4:51  Shield Battery  
  43  4:53  Sentry  
  45  5:00  Warp Prism  
  45  5:26  Robotics Bay  
  45  5:35  Warp Prism  
  47  5:48  Stalker  
  36  6:02  Immortal  
Tags
 
Add a new tag
Caveats
  • Supply blocks, unpowered buildings, or Contaminate may cause inaccurate times.
  • Supply counts are checked every 10 seconds.